 Dungeon Crawl Stone Soup version 0.23.2-30-g0e89c35649 (webtiles) character file.

Game seed: 15890819936729389062

46 Matador8 the Sneak (level 3, 0/24 HPs)
             Began as a Vampire Enchanter on June 20, 2019.
             Slain by a goblin
             ... wielding a +0 club
              (5 damage)
             ... on level 1 of the Dungeon.
             The game lasted 00:09:00 (2104 turns).

Matador8 the Sneak (Vampire Enchanter)              Turns: 2104, Time: 00:09:01

Health: 0/24       AC:  4    Str:  7    XL:     3   Next: 44%
Magic:  6/6        EV: 12    Int: 18    God:
Gold:   101        SH:  0    Dex: 14    Spells: 2/6 levels left

rFire    . . .     SeeInvis +   b - +2 short sword (venom)
rCold    + . .     Gourm    .   (no shield)
rNeg     + + .     Faith    .   e - +0 robe
rPois    +         Spirit   .   (no helmet)
rElec    .         Reflect  .   f - +0 cloak
rCorr    .         Harm     .   g - +0 pair of gloves
MR       .....                  (no boots)
Stlth    ++++......             (no amulet)
HPRegen  0.04/turn              (no ring)
MPRegen  0.10/turn              (no ring)

@: regenerating slowly
A: fangs 3, see invisible, unbreathing
a: Bat Form


You were on level 1 of the Dungeon.
You were thirsty.

You visited 1 branch of the dungeon, and saw 2 of its levels.

You collected 101 gold pieces.

Inventory:

Hand Weapons
 a - a +1 dagger
 b - a +2 short sword of venom (weapon)
Armour
 e - a +0 robe (worn)
 f - a +0 cloak (worn)
 g - a +0 pair of gloves (worn)
Jewellery
 c - an uncursed ring of magical power {unknown}
 i - a cursed ring of teleportation {unknown}
Scrolls
 k - a scroll of teleportation {unknown}
 l - a scroll of magic mapping {unknown}
 m - a scroll of immolation {unknown}
Potions
 d - 6 potions of blood
 h - a potion of haste
 j - a potion of agility {unknown}


   Skills:
 * Level 3.1 Short Blades
 - Level 2.1 Dodging
 + Level 5.3 Stealth
 - Level 2.0 Spellcasting
 - Level 4.4 Hexes


You had 2 spell levels left.
You knew the following spells:

 Your Spells              Type           Power        Failure   Level  Hunger
a - Corona                Hex            ###....      3%          1    #......
b - Confuse               Hex            ###.....     9%          3    ###....

Your spell library contained the following spells:

 Spells                   Type           Power        Failure   Level  Hunger
 Ensorcelled Hibernation  Hex/Ice        #.....       11%         2    ###....
 Tukima's Dance           Hex            ###.....     9%          3    ###....
 Dazzling Spray           Conj/Hex       #.....       22%         3    ###....


Dungeon Overview and Level Annotations

Branches:
Dungeon (2/15)

Altars:


Innate Abilities, Weirdness & Mutations

You heal slowly.
You have razor-sharp teeth.
You have supernaturally acute eyesight. (SInv)
You can survive without breathing.


Message History

The goblin closely misses you.
You hit the goblin.
The goblin is poisoned.
The goblin is moderately wounded.
The goblin barely misses you.
You closely miss the goblin. Your bite misses the goblin.
The goblin is severely wounded.
The goblin hits you but does no damage.
You closely miss the goblin.
The goblin is severely wounded.
You closely miss the goblin.
The goblin is severely wounded.
The goblin completely misses you.
You closely miss the goblin.
The goblin is heavily wounded.
The goblin hits you with a +0 club!
* * * LOW HITPOINT WARNING * * *
You closely miss the goblin.
The goblin is heavily wounded.
The goblin hits you with a +0 club.
You die...

#.#######)# #.# #.# #.# #.#
####### #.#######.# #....$#
#......##.####....$#
######.##....#.....#
#.#####.#.....####
##############.#g....#..#..
...............#@###.#..# .###
.######..>.#####.#.#.#..##...#.#
.# #....# #.....#.#.......#.# .#
#....# #.#.#.#.##.###..#.# .#
#....# #.#.#.#>#....#..#.# .#
#....# #.#.#......#.#..#.# .#
#....# #.#.#......#....#.## .#
#....###.#.#......##..##..# ##
######.....#..)...........#


You could see a goblin.

Vanquished Creatures
  An adder (D:2)
  An ooze (D:1)
  2 dart slugs (D:1)
  2 leopard geckos (D:1)
  A giant cockroach (D:1)
  5 goblins
  A hobgoblin (D:1)
  A ball python (D:1)
  3 bats
  3 frilled lizards (D:1)
  5 kobolds
  2 rats (D:1)
27 creatures vanquished.

Notes
Turn   | Place    | Note
-------+----------+-------------------------------------------
     0 | D:1      | Matador8 the Vampire Enchanter began the quest for the Orb.
     0 | D:1      | Reached XP level 1. HP: 13/13 MP: 3/3
   257 | D:1      | Reached XP level 2. HP: 4/19 MP: 1/5
   627 | D:1      | Reached skill level 5 in Stealth
  1569 | D:2      | Reached XP level 3. HP: 24/24 MP: 6/6
  1634 | D:1      | Learned a level 3 spell: Confuse
  2104 | D:1      | Slain by a goblin

Skill      XL: |  1  2 |
---------------+-------+-----
Short Blades   | 2 3 |  3.1
Stealth        | 5 |  5.3
Dodging        | |  2.1
Spellcasting   | |  2.0
Hexes          | |  4.4

Action                   || total
-------------------------++-------
Melee: Dagger            ||    68
       Bite              ||     8
       Short sword       ||    17
 Cast: Corona            ||    16
       Confuse           ||     3
  Use: Potion            ||     5
 Stab: Sleeping          ||     9
Armor: Robe              ||     6
Dodge: Dodged            ||    49
